 Dungeon Crawl Stone Soup version 0.29.0-4-gdea44cf6ec (webtiles) character file.

Game seed: 5079628349835484304

339 qw the Ruffian (level 6, -5/59 HPs)
             Began as a Troll Cinder Acolyte on Aug 31, 2022.
             Was a High Priest of Ignis.
             Slain by a hornet (11 damage)
             ... on level 5 of the Dungeon.
             The game lasted 00:01:42 (3434 turns).

qw the Ruffian (Troll Cinder Acolyte)               Turns: 3434, Time: 00:01:43

Health: -5/59      AC: 11    Str: 25    XL:     6   Next: 29%
Magic:  6/6        EV:  9    Int: 10    God:    Ignis [*****.]
Gold:   219        SH:  0    Dex:  5    Spells: 7/7 levels left

rFire   + . .      SeeInvis .     - Unarmed
rCold   . . .      Faith    .   (no shield)
rNeg    . . .      Spirit   .   a - +0 robe
rPois   .          Reflect  .   (helmet restricted)
rElec   .          Harm     .   (no cloak)
rCorr   .          Rampage  .   (gloves unavailable)
Will    .....                   (boots unavailable)
Stlth   +.........              b - amulet of regeneration
HPRegen 1.79/turn               (no ring)
MPRegen 0.10/turn               (no ring)

@: lethally poisoned (-5 -> -5), about to teleport, fiery-armoured, slowed, very
slow
A: large, unfitting armour, claws 3, regeneration 1, shaggy fur 1, tough skin 1
a: Renounce Religion, Fiery Armour, Foxfire Swarm, Rising Flame


You were on level 5 of the Dungeon.
You worshipped Ignis.
Ignis was extremely pleased with you.
You visited 1 branch of the dungeon, and saw 5 of its levels.

You collected 219 gold pieces.


Innate Abilities, Weirdness & Mutations

You are too large for most types of armour.
You have claws for hands.
Your natural rate of healing is unusually fast.
You are covered in fur. (AC +1)
You have tough skin. (AC +1)


   Skills:
 - Level 2.4 Fighting
 + Level 7.2 Unarmed Combat
 - Level 1.0 Spellcasting
 - Level 2.1 Fire Magic


You had 7 spell levels left.
You didn't know any spells.
Your spell library contained the following spells:

 Spells                   Type           Power      Damage    Failure   Level
 Scorch                   Fire           8%         2d5       22%         2

Inventory:

Armour
 a - a +0 robe (worn)
Jewellery
 b - an amulet of regeneration (around neck)
Scrolls
 e - 5 scrolls of teleportation
 f - a scroll of enchant armour
 h - a scroll of identify
Potions
 c - a potion of haste
 d - a potion of curing {unknown}
 g - a potion of magic {unknown}
 i - a potion of invisibility {unknown}
 j - 3 potions of mutation {unknown}
 k - a potion of heal wounds {unknown}
 l - a potion of ambrosia {unknown}
 m - a potion of resistance {unknown}
 o - a potion of brilliance {unknown}

Dungeon Overview and Level Annotations

Branches:
Dungeon (5/15)
 Temple: D:4-7

Altars:


Message History

You feel sick. The hornet stings you!
You feel as though you will be slow longer.
The hornet stings you but does no damage.
You scratch the hornet but do no damage.
The hornet is moderately wounded.
You feel sick. The hornet stings you.
You feel as though you will be slow longer.
The hornet stings you.
You feel as though you will be slow longer.
You barely miss the hornet.
The hornet is moderately wounded.
You feel sick. The hornet barely misses you. The adder bites you.
You are more poisoned.
The adder poisons you! The hornet stings you!
You feel as though you will be slow longer.
3432 ||| INVOKING Fiery Armour.
A protective cloak of flame settles atop you.
You feel sick. The hornet stings you!
You are more poisoned.
You feel as though you will be slow longer.
The hornet is burned by your cloak of flames.
The hornet is moderately wounded.
The adder closely misses you. The hornet closely misses you.
The adder bites you but does no damage.
The adder is burned by your cloak of flames.
The adder is heavily wounded.
3433 ||| READING 6 scrolls of teleportation.
As you read the scroll of teleportation, it crumbles to dust.
You feel strangely unstable.
You feel very sick. The hornet closely misses you.
The adder closely misses you.
The hornet stings you but does no damage.
The hornet is burned by your cloak of flames.
The hornet is moderately wounded.
The adder closely misses you.
You claw the adder!
You kill the adder!
You feel very sick. The hornet closely misses you. The hornet stings you!
You die...

##..............# ##.#....###.##.
.##....#..#......##[............#
<......#.##......##.....#.......
#......#..........#....##.......
#.#.....#....(.#......###.......
..#.....##.....#....#..%........
.......## ##.).....)#..>.......#
.###.... ##.........####.....#.#
.. #.....y@.....###.......
#....?%).....# .......
............## #.....#
.......###### .....# .###...
....## #... #..## .... ### .....


You could see a hornet.

Vanquished Creatures
  A phantom (D:5)
  2 hounds
  A jelly (D:5)
  An orc priest (D:4)
  An iguana (D:5)
  2 adders
  An ufetubus (D:3)
  A worm (D:3)
  2 dart slugs
  11 orcs
  3 endoplasms
  12 giant cockroaches
  7 goblins
  10 hobgoblins
  2 jackals (D:2)
  4 quokkas
  6 ball pythons
  4 bats (D:1)
  2 frilled lizards
  9 kobolds
  4 rats
86 creatures vanquished.

Notes
Turn   | Place    | Note
-------+----------+-------------------------------------------
     0 | D:1      | qw the Troll Cinder Acolyte began the quest for the Orb.
     0 | D:1      | Reached XP level 1. HP: 22/22 MP: 1/1
     0 | D:1      | 0 ||| qw: Version: 0.1-a-97-g2dd2ca4
     0 | D:1      | 0 ||| qw: Game counter: 4634
     0 | D:1      | 0 ||| qw: Always use a shield: true
     0 | D:1      | 0 ||| qw: God list: Okawaru
     0 | D:1      | 0 ||| qw: Allow faded altars: false
     0 | D:1      | 0 ||| qw: Do Orc after D:15 true
     0 | D:1      | 0 ||| qw: Do second Lair branch before Depths: true
     0 | D:1      | 0 ||| qw: Lair rune preference: random
     0 | D:1      | 0 ||| qw: Plans: Normal
     0 | D:1      | 0 ||| PLANNING D:1-11
    46 | D:1      | 46 ||| Stepping ~*~*~tactically~*~*~ (hiding).
   134 | D:1      | Reached XP level 2. HP: 29/29 MP: 2/2
   456 | D:1      | Reached skill level 4 in Unarmed Combat
   490 | D:1      | 490 ||| READING scroll labelled PUAQASE HUVUA.
   510 | D:1      | Found a faded altar of an unknown god.
   719 | D:1      | 719 ||| READING scroll labelled AROKLI GEJAR.
   720 | D:1      | 720 ||| READING scroll labelled MIQE ZIZOCAVA.
   812 | D:2      | Reached XP level 3. HP: 36/36 MP: 3/3
   881 | D:2      | 881 ||| Stepping ~*~*~tactically~*~*~ (stealth).
   894 | D:2      | 894 ||| Stepping ~*~*~tactically~*~*~ (stealth).
  1462 | D:2      | 1462 ||| UPGRADING to amulet of regeneration.
  1467 | D:2      | 1467 ||| READING scroll labelled LARIOCO FYIWAUV.
  1622 | D:3      | Reached XP level 4. HP: 43/44 MP: 4/4
  1741 | D:3      | Reached skill level 5 in Unarmed Combat
  1998 | D:3      | 1998 ||| READING scroll labelled TESTEU IKLO.
  2203 | D:4      | 2203 ||| Stepping ~*~*~tactically~*~*~ (stealth).
  2204 | D:4      | 2204 ||| Stepping ~*~*~tactically~*~*~ (stealth).
  2211 | D:4      | 2211 ||| Stepping ~*~*~tactically~*~*~ (stealth).
  2216 | D:4      | 2216 ||| FLEEEEING.
  2217 | D:4      | 2217 ||| FLEEEEING.
  2218 | D:4      | 2218 ||| FLEEEEING.
  2219 | D:4      | 2219 ||| FLEEEEING.
  2220 | D:4      | 2220 ||| FLEEEEING.
  2227 | D:4      | Reached XP level 5. HP: 31/50 MP: 5/5
  2237 | D:4      | 2237 ||| Stepping ~*~*~tactically~*~*~ (stealth).
  2374 | D:4      | Reached skill level 6 in Unarmed Combat
  2614 | D:4      | 2614 ||| Stepping ~*~*~tactically~*~*~ (stealth).
  2615 | D:4      | 2615 ||| Stepping ~*~*~tactically~*~*~ (stealth).
  2616 | D:4      | 2616 ||| Stepping ~*~*~tactically~*~*~ (stealth).
  2629 | D:4      | 2629 ||| Stepping ~*~*~tactically~*~*~ (outnumbered).
  2630 | D:4      | 2630 ||| Stepping ~*~*~tactically~*~*~ (outnumbered).
  2631 | D:4      | 2631 ||| Stepping ~*~*~tactically~*~*~ (outnumbered).
  2651 | D:4      | 2651 ||| FLEEEEING.
  3188 | D:4      | 3188 ||| READING scroll labelled CINAEX UTTAT.
  3189 | D:4      | 3189 ||| READING 2 scrolls of identify.
  3189 | D:4      | 3189 ||| IDENTIFYING brown potion
  3215 | D:5      | Entered Level 5 of the Dungeon
  3272 | D:5      | 3272 ||| Stepping ~*~*~tactically~*~*~ (stealth).
  3365 | D:5      | Noticed a phantom
  3374 | D:5      | Killed a phantom
  3375 | D:5      | Reached skill level 7 in Unarmed Combat
  3375 | D:5      | Reached XP level 6. HP: 59/59 MP: 6/6
  3423 | D:5      | Noticed a hornet
  3432 | D:5      | 3432 ||| INVOKING Fiery Armour.
  3432 | D:5      | HP: 11/59 [hornet (10)]
  3433 | D:5      | 3433 ||| READING 6 scrolls of teleportation.
  3434 | D:5      | Slain by a hornet

Levels and vault maps discovered:
D:1:      onia_arrival_mini_maze, layout_loops_ring,
          hellmonk_ecumenical_altar_inner_sanctum
D:2:      minmay_roachtagon, layout_loops_ring, st_stairs_6
D:3:      layout_basic, nicolae_elevator_lobby_plus
D:4:      layout_layer_cave
D:5:      layout_cave_pools, kennysheep_mini, pdpol_wu_jian_five_deadly_venoms,
          old_standard_altar, uniq_eustachio

Skill      XL: |  1  2  3  4  5 |
---------------+----------------+-----
Unarmed Combat | 4 5 7 |  7.2
Fighting       | |  2.4
Spellcasting   | |  1.0
Fire Magic     | |  2.1

Action                   |  1- 3 |  4- 6 || total
-------------------------+-------+-------++-------
Melee: Unarmed           |   113 |    77 ||   190
       Punch             |     1 |     4 ||     5
Throw: Boomerang         |    44 |    29 ||    73
Invok: Fiery Armour      |       |     1 ||     1
  Use: Scroll            |     4 |     4 ||     8
Armor: Robe              |    36 |    15 ||    51
Dodge: Dodged            |    45 |    29 ||    74

Table legend:
 A = Non-vault XP
 B = Vault XP
 C = Vault XP percentage of total XP
 D = Non-vault monster count
 E = Vault monster count
 F = Vault count percentage of total count
                 A         B        C        D         E       F
            +---------+---------+-------+---------+---------+-------
      Total |     476 |      22 |   4.4 |      75 |      11 |  12.8
            +---------+---------+-------+---------+---------+-------
        D:1 |      32 |       0 |   0.0 |      21 |       0 |   0.0
        D:2 |      40 |      22 |  35.5 |      16 |      11 |  40.7
        D:3 |      27 |       0 |   0.0 |      10 |       0 |   0.0
        D:4 |     130 |       0 |   0.0 |      20 |       0 |   0.0
        D:5 |     247 |       0 |   0.0 |       8 |       0 |   0.0
            +---------+---------+-------+---------+---------+-------
